| TOP OF THE 1ST |
|
Iowa Oaks batting - Pitching for Evansville Triplets : RHP Pat Jones
|
|
Pitching: RHP Pat Jones
|
|
|
Batting: LHB Gary Jones
|
0-0: Ground out 6-3 (Groundball, 6M, EV 105.6 MPH)
|
|
Batting: RHB Mark Benson
|
0-0: Ball 1-0: Ball 2-0: Called Strike 2-1: Called Strike 2-2: Ball 3-2: DOUBLE (Line Drive, 7LM, EV 101.9 MPH)
|
|
Batting: LHB Donald Johnson
|
0-0: Called Strike 0-1: Swinging Strike 0-2: 2-RUN HOME RUN (Flyball, 89XD, EV 98.1 MPH), Distance : 407 ft
|
|
Batting: RHB Edgar Flores
|
0-0: Ball 1-0: Ball 2-0: Called Strike 2-1: Foul Ball, location: 2F 2-2: Ball 3-2: Fly out, F2 (Popup, 3SF, EV 85.0 MPH)
|
|
Batting: RHB Mike Richardt
|
0-0: Swinging Strike 0-1: Foul Ball, location: 2F 0-2: Ball 1-2: Strikes out looking
|
| Top of the 1st over - 2 runs, 2 hits, 0 errors, 0 left on base; Iowa 2 - Evansville 0 |
| BOTTOM OF THE 1ST |
|
Evansville Triplets batting - Pitching for Iowa Oaks : LHP Matt Young
|
|
Pitching: LHP Matt Young
|
|
|
Batting: LHB Greg Gross
|
0-0: Ball 1-0: Ball 2-0: Ground out 4-3 (Groundball, 4, EV 83.1 MPH)
|
|
Batting: RHB Cory Mihalic
|
0-0: Called Strike 0-1: Called Strike 0-2: Ball 1-2: Ball 2-2: Ball 3-2: DOUBLE (Flyball, 8LXD, EV 95.6 MPH)
|
|
Batting: LHB Lloyd Moseby
|
0-0: Ball 1-0: Ball 2-0: Foul Ball, location: 2F 2-1: Called Strike 2-2: Foul Ball, location: 2F 2-2: Foul Ball, location: 2F 2-2: SINGLE (Groundball, 4D, EV 102.5 MPH) Cory Mihalic to third Runner from 3rd tries for Home, SAFE, throw by RF to home
|
|
Batting: RHB Ron Kittle
|
0-0: Ball 1-0: Ball 2-0: Ball 3-0: Foul Ball, location: 2F 3-1: Foul Ball, location: 2F 3-2: 2-RUN HOME RUN (Flyball, 7LD, EV 94.4 MPH), Distance : 362 ft
|
|
Batting: SHB Mickey Tettleton
|
0-0: Ball 1-0: Foul Ball, location: 2F 1-1: Foul Ball, location: 2F 1-2: Ball 2-2: Foul Ball, location: 2F 2-2: Ball 3-2: Foul Ball, location: 2F 3-2: Foul Ball, location: 2F 3-2: Fly out, F9 (Line Drive, 9S, EV 101.3 MPH)
|
|
Batting: RHB Mike Allen
|
0-0: Ball 1-0: Fly out, F4 (Popup, 4MS, EV 73.8 MPH)
|
| Bottom of the 1st over - 3 runs, 3 hits, 0 errors, 0 left on base; Iowa 2 - Evansville 3 |
| TOP OF THE 2ND |
|
Iowa Oaks batting - Pitching for Evansville Triplets : RHP Pat Jones
|
|
Batting: RHB Jordan Arredondo
|
0-0: Ball 1-0: Ball 2-0: Foul Ball, location: 2F 2-1: Ground out 5-3 (Groundball, 56S, EV 85.0 MPH)
|
|
Batting: SHB Michael Pace
|
0-0: Foul Ball, location: 2F 0-1: Called Strike 0-2: Ball 1-2: Strikes out swinging
|
|
Batting: LHB Wayne Krenchicki
|
0-0: Fly out, F9 (Flyball, 9LM, EV 97.5 MPH)
|
| Top of the 2nd over - 0 runs, 0 hits, 0 errors, 0 left on base; Iowa 2 - Evansville 3 |
| BOTTOM OF THE 2ND |
|
Evansville Triplets batting - Pitching for Iowa Oaks : LHP Matt Young
|
|
Batting: LHB Luis Alfaro
|
0-0: Called Strike 0-1: Swinging Strike 0-2: Fly out, F8 (Flyball, 8RD, EV 96.9 MPH)
|
|
Batting: RHB Jaden Smith
|
0-0: Ball 1-0: Foul Ball, location: 2F 1-1: Ball 2-1: Foul Ball, location: 2F 2-2: Foul Ball, location: 2F 2-2: Strikes out swinging
|
|
Batting: RHB Ed Jurak
|
0-0: Ball 1-0: Ball 2-0: Swinging Strike 2-1: Ball 3-1: Base on Balls
|
|
Batting: LHB Greg Gross
|
0-0: Ball 1-0: Ball 2-0: Ball 3-0: Called Strike 3-1: Ground out 4-3 (Groundball, 4MS, EV 61.3 MPH)
|
| Bottom of the 2nd over - 0 runs, 0 hits, 0 errors, 1 left on base; Iowa 2 - Evansville 3 |
| TOP OF THE 3RD |
|
Iowa Oaks batting - Pitching for Evansville Triplets : RHP Pat Jones
|
|
Batting: RHB Thomas Vessey
|
0-0: Ball 1-0: Ball 2-0: Ball 3-0: Called Strike 3-1: Fly out, F2 (Popup, 2RF, EV 95.6 MPH)
|
|
Batting: LHB Gary Jones
|
0-0: Ball 1-0: Foul Ball, location: 2F 1-1: Foul Ball, location: 2F 1-2: Foul Ball, location: 2F 1-2: Ball 2-2: Foul Ball, location: 2F 2-2: Strikes out swinging
|
|
Batting: RHB Mark Benson
|
0-0: Ball 1-0: Fly out, F5 (Popup, 5SF, EV 68.8 MPH)
|
| Top of the 3rd over - 0 runs, 0 hits, 0 errors, 0 left on base; Iowa 2 - Evansville 3 |
| BOTTOM OF THE 3RD |
|
Evansville Triplets batting - Pitching for Iowa Oaks : LHP Matt Young
|
|
Batting: RHB Cory Mihalic
|
0-0: DOUBLE (Flyball, 8LXD, EV 91.3 MPH)
|
|
Batting: LHB Lloyd Moseby
|
0-0: Ball 1-0: Called Strike 1-1: Swinging Strike 1-2: Ground out U3 (Groundball, 3, EV 89.4 MPH) Cory Mihalic to third
|
|
Batting: RHB Ron Kittle
|
0-0: Called Strike 0-1: Ball 1-1: Called Strike 1-2: Foul Ball, location: 2F 1-2: Ball 2-2: Strikes out swinging
|
|
Batting: SHB Mickey Tettleton
|
0-0: Ball Passed Ball! Cory Mihalic scores 1-0: Foul Ball, location: 2F 1-1: Ball 2-1: Ball 3-1: Base on Balls
|
|
Batting: RHB Mike Allen
|
0-0: Ball 1-0: Foul Ball, location: 2F 1-1: SINGLE (Groundball, 4D, EV 101.9 MPH) Mickey Tettleton to second Runner from 2nd tries for 3rd, SAFE, throw by CF made to third
|
|
Batting: LHB Luis Alfaro
|
0-0: Called Strike 0-1: Ball 1-1: Ball 2-1: Foul Ball, location: 2F 2-2: Fly out, F5 (Flyball, 5D, EV 85.6 MPH)
|
| Bottom of the 3rd over - 1 run, 2 hits, 0 errors, 2 left on base; Iowa 2 - Evansville 4 |
| TOP OF THE 4TH |
|
Iowa Oaks batting - Pitching for Evansville Triplets : RHP Pat Jones
|
|
Batting: LHB Donald Johnson
|
0-0: Swinging Strike 0-1: Swinging Strike 0-2: Ball 1-2: Ball 2-2: Ball 3-2: Strikes out swinging
|
|
Batting: RHB Edgar Flores
|
0-0: Called Strike 0-1: Ball 1-1: Ball 2-1: Ball 3-1: Reached via error on a dropped throw from SS, E3 (Groundball, 6S, EV 73.1 MPH)
|
|
Batting: RHB Mike Richardt
|
0-0: Ball 1-0: Ball 2-0: Ball 3-0: Fielders Choice at 2nd, 4-6 (Groundball, 4, EV 93.1 MPH)
|
|
Batting: RHB Jordan Arredondo
|
0-0: Ball Pickoff Throw to First - Error! E1 Mike Richardt to second 1-0: Ball 2-0: Ground out 4-3 (Groundball, 4, EV 91.9 MPH)
|
| Top of the 4th over - 0 runs, 0 hits, 2 errors, 1 left on base; Iowa 2 - Evansville 4 |
| BOTTOM OF THE 4TH |
|
Evansville Triplets batting - Pitching for Iowa Oaks : LHP Matt Young
|
|
Batting: RHB Jaden Smith
|
0-0: Ball 1-0: Ball 2-0: SINGLE (Flyball, 8RS, EV 96.9 MPH)
|
|
Batting: RHB Ed Jurak
|
0-0: Ball 1-0: Ball 2-0: Ball 3-0: Called Strike 3-1: Called Strike 3-2: Grounds into double play, 5-4-3 (Groundball, 5, EV 106.3 MPH)
|
|
Batting: LHB Greg Gross
|
0-0: Swinging Strike 0-1: Foul Ball, location: 2F 0-2: Foul Ball, location: 2F 0-2: Fly out, F7 (Flyball, 7, EV 89.4 MPH)
|
| Bottom of the 4th over - 0 runs, 1 hit, 0 errors, 0 left on base; Iowa 2 - Evansville 4 |
| TOP OF THE 5TH |
|
Iowa Oaks batting - Pitching for Evansville Triplets : RHP Pat Jones
|
|
Batting: SHB Michael Pace
|
0-0: Called Strike 0-1: Foul Ball, location: 2F 0-2: Foul Ball, location: 2F 0-2: Ball 1-2: Strikes out looking
|
|
Batting: LHB Wayne Krenchicki
|
0-0: Ball 1-0: Ground out 4-3 (Groundball, 4M, EV 83.1 MPH)
|
|
Batting: RHB Thomas Vessey
|
0-0: Called Strike 0-1: Ground out 5-3 (Groundball, 5, EV 101.9 MPH)
|
| Top of the 5th over - 0 runs, 0 hits, 0 errors, 0 left on base; Iowa 2 - Evansville 4 |
| BOTTOM OF THE 5TH |
|
Evansville Triplets batting - Pitching for Iowa Oaks : LHP Matt Young
|
|
Batting: RHB Cory Mihalic
|
0-0: Foul Ball, location: 2F 0-1: Ball 1-1: Ball 2-1: SINGLE (Flyball, 89S, EV 89.4 MPH)
|
|
Batting: LHB Lloyd Moseby
|
0-0: Ball 1-0: Fielders Choice at 2nd, 4-6 (Groundball, 34D, EV 101.9 MPH)
|
|
Batting: RHB Ron Kittle
|
0-0: Called Strike 0-1: Ball 1-1: Ball 2-1: Grounds into double play, 6-4-3 (Groundball, 56, EV 101.3 MPH)
|
| Bottom of the 5th over - 0 runs, 1 hit, 0 errors, 0 left on base; Iowa 2 - Evansville 4 |
| TOP OF THE 6TH |
|
Iowa Oaks batting - Pitching for Evansville Triplets : RHP Pat Jones
|
|
Batting: LHB Gary Jones
|
0-0: Foul Ball, location: 2F 0-1: Ball 1-1: Fly out, F8 (Flyball, 8RM, EV 84.4 MPH)
|
|
Batting: RHB Mark Benson
|
0-0: Called Strike 0-1: Foul Ball, location: 2F 0-2: Ball 1-2: Ball 2-2: Foul Ball, location: 2F 2-2: Strikes out swinging
|
|
Batting: LHB Donald Johnson
|
0-0: Swinging Strike 0-1: Foul Ball, location: 2F 0-2: Strikes out swinging
|
| Top of the 6th over - 0 runs, 0 hits, 0 errors, 0 left on base; Iowa 2 - Evansville 4 |
| BOTTOM OF THE 6TH |
|
Evansville Triplets batting - Pitching for Iowa Oaks : LHP Matt Young
|
|
Batting: SHB Mickey Tettleton
|
0-0: Ground out 4-3 (Groundball, 4S, EV 81.9 MPH)
|
|
Batting: RHB Mike Allen
|
0-0: Ball 1-0: Ball 2-0: Fly out, F8 (Flyball, 8RXD, EV 96.3 MPH)
|
|
Batting: LHB Luis Alfaro
|
0-0: Foul Ball, location: 2F 0-1: Foul Ball, location: 2F 0-2: Ball 1-2: Ball 2-2: Foul Ball, location: 2F 2-2: Fly out, F9 (Flyball, 89M, EV 88.1 MPH)
|
| Bottom of the 6th over - 0 runs, 0 hits, 0 errors, 0 left on base; Iowa 2 - Evansville 4 |
| TOP OF THE 7TH |
|
Iowa Oaks batting - Pitching for Evansville Triplets : RHP Pat Jones
|
|
Batting: RHB Edgar Flores
|
0-0: Foul Ball, location: 2F 0-1: SINGLE (Groundball, 56D, EV 86.9 MPH) (infield hit)
|
|
Batting: RHB Mike Richardt
|
0-0: Ball 1-0: Swinging Strike 1-1: Fly out, F4 (Popup, 34, EV 71.9 MPH)
|
|
Batting: RHB Jordan Arredondo
|
0-0: Ball 1-0: Called Strike 1-1: Reached on error, E5 (Groundball, 56, EV 108.1 MPH) Edgar Flores to second
|
|
Batting: SHB Michael Pace
|
0-0: Ball 1-0: Foul Ball, location: 2F 1-1: Ball 2-1: Ball 3-1: Foul Ball, location: 2F 3-2: Fly out, F8 (Flyball, 8RD, EV 97.5 MPH)
|
|
Batting: LHB Wayne Krenchicki
|
0-0: Called Strike 0-1: Foul Ball, location: 2F 0-2: Foul Ball, location: 2F 0-2: Ball 1-2: Ball 2-2: Fly out, F8 (Flyball, 89D, EV 94.4 MPH)
|
| Top of the 7th over - 0 runs, 1 hit, 1 error, 2 left on base; Iowa 2 - Evansville 4 |
| BOTTOM OF THE 7TH |
|
Evansville Triplets batting - Pitching for Iowa Oaks : LHP Matt Young
|
|
Batting: RHB Jaden Smith
|
0-0: Called Strike 0-1: Ground out 5-3 (Groundball, 56S, EV 73.8 MPH)
|
|
Batting: RHB Ed Jurak
|
0-0: Ball 1-0: Ball 2-0: Ball 3-0: Called Strike 3-1: Foul Ball, location: 2F 3-2: Fly out, F9 (Flyball, 9S, EV 86.3 MPH)
|
|
Batting: LHB Greg Gross
|
0-0: Ball 1-0: Ball 2-0: Swinging Strike 2-1: Ball 3-1: Base on Balls
|
|
Batting: RHB Cory Mihalic
|
0-0: Ball Greg Gross steals 2nd base 1-0: Swinging Strike 1-1: Ball 2-1: SINGLE (Groundball, 34D, EV 107.5 MPH) Greg Gross to third Runner from 3rd tries for Home, SAFE, throw by RF to home Cory Mihalic to second
|
|
Pitching: LHP Todd Richard
|
|
|
Batting: LHB Lloyd Moseby
|
0-0: Ball 1-0: Ball 2-0: Ball 3-0: Base on Balls
|
|
Batting: RHB Ron Kittle
|
0-0: Fly out, F7 (Flyball, 78S, EV 77.5 MPH)
|
| Bottom of the 7th over - 1 run, 1 hit, 0 errors, 2 left on base; Iowa 2 - Evansville 5 |
| TOP OF THE 8TH |
|
Iowa Oaks batting - Pitching for Evansville Triplets : RHP Pat Jones
|
|
Pitching: RHP Gordie Pladson
|
|
|
Batting: RHB Thomas Vessey
|
0-0: SINGLE (Groundball, 56D, EV 95.0 MPH)
|
|
Batting: LHB Gary Jones
|
0-0: Foul Ball, location: 2F 0-1: Called Strike 0-2: Ball 1-2: Foul Ball, location: 2F 1-2: Foul Ball, location: 2F 1-2: Ball 2-2: Fielders Choice at 2nd, 6-4 (Groundball, 6, EV 83.1 MPH)
|
|
Batting: RHB Mark Benson
|
0-0: Ball 1-0: Foul Ball, location: 2F 1-1: Swinging Strike 1-2: Ball 2-2: Strikes out swinging
|
|
Batting: LHB Donald Johnson
|
0-0: Ball 1-0: Swinging Strike 1-1: Ball 2-1: Fielders Choice at 2nd, 6-4 (Groundball, 6, EV 108.8 MPH)
|
| Top of the 8th over - 0 runs, 1 hit, 0 errors, 1 left on base; Iowa 2 - Evansville 5 |
| BOTTOM OF THE 8TH |
|
Evansville Triplets batting - Pitching for Iowa Oaks : LHP Todd Richard
|
|
Batting: SHB Mickey Tettleton
|
0-0: Swinging Strike 0-1: Ball 1-1: Called Strike 1-2: Ball 2-2: Fly out, F9 (Flyball, 9D, EV 101.3 MPH)
|
|
Batting: RHB Mike Allen
|
0-0: Called Strike 0-1: Ball 1-1: Ball 2-1: Ball 3-1: Foul Ball, location: 2F 3-2: Base on Balls
|
|
Batting: LHB Luis Alfaro
|
0-0: Called Strike Mike Allen steals 2nd base (no throw) 0-1: Called Strike 0-2: Ball 1-2: Foul Ball, location: 2F 1-2: Ball 2-2: Ground out U3 (Groundball, 3, EV 88.1 MPH) Mike Allen to third
|
|
Batting: RHB Jaden Smith
|
0-0: Ball 1-0: Swinging Strike 1-1: Ball 2-1: Swinging Strike 2-2: Foul Ball, location: 2F 2-2: Ball 3-2: Base on Balls
|
|
Batting: RHB Ed Jurak
|
0-0: Ball 1-0: Called Strike 1-1: Swinging Strike 1-2: Ball 2-2: SINGLE (Groundball, 56D, EV 103.1 MPH) Mike Allen scores Jaden Smith to second
|
|
Batting: LHB Greg Gross
|
0-0: Ball 1-0: DOUBLE (Line Drive, 78D, EV 102.5 MPH) Jaden Smith scores Ed Jurak to third Runner from 3rd tries for Home, SAFE, throw by CF to trailing runner, SAFE at third!
|
|
Batting: RHB Cory Mihalic
|
0-0: Ball 1-0: TRIPLE (Flyball, 78XD, EV 104.4 MPH) Greg Gross scores
|
|
Batting: LHB Lloyd Moseby
|
0-0: Ball 1-0: Ball 2-0: Called Strike 2-1: Foul Ball, location: 2F 2-2: Strikes out swinging
|
| Bottom of the 8th over - 4 runs, 3 hits, 0 errors, 1 left on base; Iowa 2 - Evansville 9 |
| TOP OF THE 9TH |
|
Iowa Oaks batting - Pitching for Evansville Triplets : RHP Gordie Pladson
|
|
Batting: RHB Edgar Flores
|
0-0: Ball 1-0: Fly out, F8 (Flyball, 8RD, EV 89.4 MPH)
|
|
Batting: RHB Mike Richardt
|
0-0: Ball 1-0: Ground out 5-3 (Groundball, 5S, EV 72.5 MPH)
|
|
Pinch Hitting: RHB Ronald Hess
|
0-0: Called Strike 0-1: Foul Ball, location: 2F 0-2: Foul Ball, location: 2F 0-2: Foul Ball, location: 2F 0-2: Ball 1-2: Ball 2-2: Strikes out swinging
|
| Top of the 9th over - 0 runs, 0 hits, 0 errors, 0 left on base; Iowa 2 - Evansville 9 |
|